 Dungeon Crawl Stone Soup version 0.17.2 (webtiles) character file.

562 Charly the Insei (level 7, -3/32 HPs)
             Began as a Vine Stalker Transmuter on July 13, 2016.
             Was an Initiate of Cheibriados.
             Slain by a killer bee (7 damage)
             ... on level 8 of the Dungeon.
             The game lasted 00:24:32 (1160 turns).

Charly the Insei (Vine Stalker Transmuter)          Turns: 1160, Time: 00:24:33

Health: -3/32      AC:  4    Str: 14    XL:     7   Next: 31%
Magic:  0/11       EV: 12    Int: 15    God:    Cheibriados [......]
Gold:   142        SH:  0    Dex: 16    Spells: 3 memorised, 4 levels left

rFire  x . .     SeeInvis .     b - +0 blowgun
rCold  + . .     Clarity  .     t - +0 robe
rNeg   . . .     SustAt   .     (no shield)
rPois  .         Gourm    .     (no helmet)
rElec  .         Spirit   +     (no cloak)
rCorr  .         Warding  .     (no gloves)
rMut   .         Stasis   .     u - +1 pair of boots
MR     .....                    (no amulet)
Stlth  +.........               (no ring)
                                c - ring of ice

@: vulnerable, very slow, not resistant to hostile enchantments, very unstealthy
A: fangs 2, regeneration 2, magic shield, antimagic bite, no device heal 3, rot
immunity
a: Bend Time, Renounce Religion


You were on level 8 of the Dungeon.
You worshipped Cheibriados.
Cheibriados was noncommittal.
You were not hungry.

You visited 2 branches of the dungeon, and saw 9 of its levels.

You collected 142 gold pieces.

Inventory:

Hand Weapons
 b - a +0 blowgun (weapon)
Missiles
 a - 64 arrows
 j - 11 arrows of flame
 l - 43 poisoned needles (quivered)
Armour
 t - a +0 robe (worn)
 u - a +1 pair of boots (worn)
Jewellery
 c - a ring of ice (left hand)
Scrolls
 e - a scroll of remove curse
 g - a scroll of immolation {unknown}
 h - a scroll of teleportation
 i - a scroll of enchant armour
 q - a scroll of amnesia {unknown}
 r - a scroll of fog {unknown}
 s - a scroll of recharging
Potions
 d - a potion of brilliance
 k - a potion of ambrosia {unknown}
 n - 2 potions of cure mutation
 p - a potion of poison {unknown}
Books
 m - an Akashic Record

   Spells                             Type                      Level
   a - Dispersal                      Translocation                6
   b - Malign Gateway                 Summoning/Translocation      7
   c - Disjunction                    Translocation                8
   d - Controlled Blink               Translocation                8
 v - a book of Changes

   Spells                             Type                      Level
   a - Beastly Appendage              Transmutation                1
   b - Sticks to Snakes               Transmutation                2
   c - Spider Form                    Transmutation/Poison         3
   d - Ice Form                       Ice/Transmutation            4
   e - Blade Hands                    Transmutation                5


   Skills:
 - Level 0.8 Fighting
 - Level 1.5 Dodging
 + Level 7.9 Unarmed Combat
 - Level 2.1 Spellcasting
 - Level 2.9 Transmutations


You had 4 spell levels left.
You knew the following spells:

 Your Spells              Type           Power        Failure   Level  Hunger
a - Beastly Appendage     Trmt           ##....       10%         1    #......
s - Sticks to Snakes      Trmt           ##........   12%         2    ###....
S - Spider Form           Trmt/Pois      #.........   34%         3    ###....


Dungeon Overview and Level Annotations

Branches:
Dungeon (8/15)             Temple (1/1) D:6
   Lair: D:8-11

Altars:
Ashenzari
Cheibriados
Dithmenos
Elyvilon
Fedhas
Gozag
Nemelex Xobeh
Okawaru
Ru
Trog
Yredelemnul

Annotations:
D:4 Goblin1989's ghost, weakling DsGl
D:6 emiel's ghost, novice OgFE


Innate Abilities, Weirdness & Mutations

You have extremely sharp teeth.
You heal very quickly.
When hurt, damage is shared between your health and your magic reserves.
Your bite disrupts and absorbs the magic of your enemies.
Potions and wands cannot restore your health.
You are immune to rotting.


Message History

You feel better.
The killer bee stings you but does no damage.
The killer bee closely misses you.
You swap places.
You kill the killer bee!
Cheibriados thoroughly appreciates the change of pace.
Your ball python bites the killer bee but does no damage.
Your ball python misses the killer bee.
The killer bee stings your ball python.
Your ball python dies!
Read which item? (? for menu, Esc to quit)
As you read the scroll labeled QUULOAHEHE, it crumbles to dust.
It is a scroll of recharging.
You aren't carrying any rechargeable items.
The killer bee barely misses you.
The killer bee stings you but does no damage.
Read which item? (? for menu, Esc to quit)
As you read the scroll labeled MIYCIPN CYMEOM, it crumbles to dust.
Magic quickly surges around you.
It was a scroll of vulnerability.
The killer bee barely misses you. The killer bee stings you!
You die...

### ##. #.. #.. #.#
#.. #.# #..
####.###########..
#..............#..
#.##.#########.#..
#.##.# #.#.. #@##.#
#.#.. #y##.# #.#..
#(##.# ##.#..
###.##.## ##..... .
........# #.###..
..........# #.# #..
...##.....######.###..
.<.....#.†............
:....(.#.#############


You could see a killer bee.

Vanquished Creatures
  An ogre (D:4)
  A centaur (D:3)
  A big kobold (D:6)
  2 killer bees (D:8)
  A hound (D:8)
  A crimson imp (D:8)
  3 worker ants
  An adder (D:3)
  4 gnolls (D:2)
  An ooze (D:3)
  An adder zombie (D:5)
  A worm (D:3)
  4 giant geckos
  2 orcs (D:3)
  A ball python (D:2)
  2 giant cockroaches
  A goblin (D:2)
  2 hobgoblins (D:3)
  3 bats
  A giant newt (D:4)
  A jackal skeleton (D:3)
  10 kobolds
  2 rats
47 creatures vanquished.

Vanquished Creatures (collateral kills)
  A hound (D:5)
  An adder (D:2)
2 creatures vanquished.

Grand Total: 49 creatures vanquished

Notes
Turn   | Place    | Note
--------------------------------------------------------------
     0 | D:1      | Charly the Vine Stalker Transmuter began the quest for the Orb.
     0 | D:1      | Reached XP level 1. HP: 9/9 MP: 4/4
   120 | D:2      | Reached XP level 2. HP: 12/14 MP: 6/6
   130 | D:2      | Reached skill level 4 in Unarmed Combat
   131 | D:2      | Reached XP level 3. HP: 10/17 MP: 5/7
   147 | D:2      | Learned a level 3 spell: Spider Form
   150 | D:2      | Learned a level 2 spell: Sticks to Snakes
   341 | D:3      | Reached XP level 4. HP: 21/21 MP: 1/8
   384 | D:3      | Noticed a centaur
   404 | D:3      | Killed a centaur
   404 | D:3      | Reached skill level 5 in Unarmed Combat
   404 | D:3      | Reached XP level 5. HP: 11/25 MP: 2/9
   521 | D:4      | Noticed an ogre
   672 | D:4      | Noticed an ogre
   673 | D:4      | Noticed Goblin1989's ghost (weakling DsGl)
   691 | D:4      | Killed an ogre
   691 | D:4      | Reached skill level 6 in Unarmed Combat
   691 | D:4      | Gained mutation: You heal very quickly. [Vine Stalker growth]
   691 | D:4      | Reached XP level 6. HP: 15/29 MP: 3/10
   701 | D:5      | Entered Level 5 of the Dungeon
   803 | D:6      | Reached skill level 7 in Unarmed Combat
   832 | D:6      | Found a staircase to the Ecumenical Temple.
   837 | Temple   | Entered the Ecumenical Temple
   851 | Temple   | Became a worshipper of Cheibriados the Contemplative
   852 | Temple   | __________
   904 | D:6      | Noticed emiel's ghost (novice OgFE)
  1011 | D:8      | Reached XP level 7. HP: 30/32 MP: 7/11
  1156 | D:8      | HP: 1/32 [killer bee (2)]
  1160 | D:8      | Slain by a killer bee

Action                   |  1- 3 |  4- 6 |  7- 9 || total
-------------------------+-------+-------+-------++-------
Melee: Unarmed           |    56 |    79 |     5 ||   140
 Fire: Blowgun           |       |     2 |     8 ||    10
 Cast: Beastly Appendage |     1 |       |       ||     1
       Spider Form       |     1 |     7 |     1 ||     9
       Sticks to Snakes  |     1 |     4 |     1 ||     6
  Use: Potion            |     3 |     1 |     2 ||     6
       Scroll            |     1 |     8 |     2 ||    11
 Stab: Sleeping          |     1 |     2 |       ||     3
  Eat: Bread ration      |       |     1 |       ||     1
       Beef jerky        |       |     1 |       ||     1
